 Dungeon Crawl Stone Soup version 0.17-a0-1403-g9df874c (webtiles) character file.

4628 jyrma the Basher (level 10, -12/86 HPs)
             Began as a Minotaur Berserker on June 19, 2015.
             Was an Elder of Trog.
             Mangled by an orc warrior
             ... wielding the +8 quarterstaff of Umimyrph {venom, +Blink rC+}
              (15 damage)
             ... on level 7 of the Dungeon on June 21, 2015.
             The game lasted 01:23:43 (8743 turns).

jyrma the Basher (Minotaur Berserker)               Turns: 8743, Time: 01:23:43

Health: -12/86     AC: 14    Str: 22    XL:     10   Next: 19%
Magic:  9/9        EV:  4    Int:  4    God:    Trog [****..]
Gold:   305        SH:  7    Dex: 13    Spells: 0 memorised, 9 levels left

rFire  . . .     SeeInvis .     U - +4 morningstar
rCold  . . .     Clarity  .     L - +0 plate armour
rNeg   . . .     SustAt   .     O - +0 shield
rPois  .         Gourm    .     (helmet restricted)
rElec  .         Spirit   .     (no cloak)
rCorr  .         Warding  .     H - +0 pair of gloves
rMut   .         Stasis   .     (no boots)
MR     .....                    (no amulet)
Stlth  ..........               (no ring)
                                (no ring)

@: lethally poisoned (-12 -> -27), exhausted, flying, slowed, very slow, not
resistant to hostile enchantments, extremely unstealthy
A: retaliatory headbutt, horns 2
a: Burn Spellbooks, Berserk, Trog's Hand, Brothers in Arms, Renounce Religion


You were on level 7 of the Dungeon.
You worshipped Trog.
Trog was greatly pleased with you.
You were near starving.

You visited 1 branch of the dungeon, and saw 7 of its levels.

You collected 305 gold pieces.

Inventory:

Hand weapons
 a - a +0 mace
 g - a +0 flail of holy wrath
 K - a +0 shortbow
 P - a +0 blowgun
 Q - a +0 war axe of electrocution
 U - a +4 morningstar (weapon)
Missiles
 d - 112 arrows
 i - 12 bolts of flame
 D - 43 poisoned needles
 F - 10 arrows of flame
 M - 7 needles of frenzy
Armour
 H - a +0 pair of gloves (worn)
 L - a +0 plate armour (worn)
 O - a +0 shield (worn)
Magical devices
 c - a wand of digging (12)
 y - a wand of fireball (5)
 B - a wand of disintegration (3)
 J - a wand of magic darts (16)
Scrolls
 b - 2 scrolls of recharging {unknown}
 e - a scroll of blinking {unknown}
 f - a scroll of noise {unknown}
 k - a scroll of fear {unknown}
 m - 4 scrolls of amnesia
 q - a scroll of enchant weapon {unknown}
 t - a scroll of teleportation {unknown}
 u - 5 scrolls of remove curse
 v - a scroll of immolation {unknown}
 w - a scroll of magic mapping {unknown}
 E - a scroll of random uselessness {unknown}
Potions
 j - a potion of ambrosia {unknown}
 l - 2 potions of haste
 n - a potion of might {unknown}
 o - 3 potions of poison
 p - a potion of mutation {unknown}
 x - a potion of resistance {unknown}
 z - a potion of flight
 C - a potion of brilliance {unknown}
 G - 2 potions of berserk rage
Comestibles
 h - 2 meat rations
 r - 6 chunks of flesh
 N - 6 bread rations
 R - 6 beef jerkies


   Skills:
 - Level 7.2 Fighting
 * Level 14.9 Maces & Flails
 - Level 6.9 Armour
 - Level 2.1 Dodging


You had 9 spell levels left.
You didn't know any spells.

Dungeon Overview and Level Annotations

Branches:
Dungeon (7/15)             Temple (0/1) D:4

Altars:
Nemelex Xobeh
Trog
Yredelemnul
Zin


Innate Abilities, Weirdness & Mutations

You reflexively headbutt those who attack you in melee.
You have a pair of horns on your head.


Message History

You are too injured to fight recklessly!
You are too injured to fight recklessly!
You hit the orc warrior but do no damage.
The orc warrior is almost dead.
Your skin stops crawling.
You feel less resistant to hostile enchantments.
The orc warrior hits you with an ancient quarterstaff {venom}!
* * * LOW HITPOINT WARNING * * *
You are lethally poisoned!
The orc priest hits you but does no damage. x2
Drink which item? (? for menu, Esc to quit)
It was a potion of flight.
You feel very buoyant.
You fly up into the air.
* * * LOW HITPOINT WARNING * * *
You feel very sick. You block the orc warrior's attack.
The orc priest hits you but does no damage.
The orc warrior hits you with an ancient quarterstaff {venom}!
You die...

####..#########.........
.....................yy.
.).................o.##
.................###.#
################.###.#
...... .......o....#
###### ####.##o#...... #
...... .. #o#.#.... #
###### ... #@# o ... ##
#### .. #.# #. .. #.
..... . ..# .. . ##.
##### #### .. #.P ..
##%. .. ##..P
######.####.##.
#.......##..###
#.......##.## #


You could see an orc warrior, an orc priest and an orc.

Vanquished Creatures
  The ghost of ohyou the Carver, an experienced HuGl of Okawaru (D:7)
  Pikel (D:7)
  Prince Ribbit (D:5)
  Menkaure (D:5)
  2 water moccasins (D:6)
  Duvessa (D:6)
  An ice beast (D:7)
  2 sky beasts
  2 phantoms
  3 slaves (D:7)
  A necrophage (D:5)
  5 ogres
  3 centaurs
  2 giant frogs (D:7)
  A big kobold (D:7)
  Blork the orc (D:6)
  Dowan (D:6)
  6 scorpions
  5 killer bees (D:7)
  A vampire bat (D:5)
  2 crimson imps (D:5)
  A quasit (D:6)
  2 orc priests (D:3)
  3 hounds (D:6)
  Natasha (thrice) (D:4)
  3 iguanas
  7 worker ants
  3 orc wizards
  A hound zombie (D:6)
  Robin (D:3)
  4 gnolls (D:7)
  6 adders
  A shadow imp (D:5)
  2 adder skeletons
  2 worms
  3 fire bats (D:5)
  2 giant geckos (D:6)
  11 orcs
  2 spectral bats (D:5)
  2 ball pythons
  30 bats
  3 bat skeletons (D:5)
  A bat zombie (D:5)
  4 giant cockroaches
  22 goblins
  13 hobgoblins
  4 jackals
  A bat simulacrum (D:5)
  3 giant newts
  A jackal skeleton (D:6)
  15 kobolds
  A quokka (D:3)
  12 rats
  A spectral orc (D:4)
213 creatures vanquished.

Notes
Turn   | Place    | Note
--------------------------------------------------------------
     0 | D:1      | jyrma the Minotaur Berserker began the quest for the Orb.
     0 | D:1      | Reached XP level 1. HP: 19/19 MP: 0/0
   104 | D:1      | Reached skill level 4 in Maces & Flails
   240 | D:1      | Reached XP level 2. HP: 19/26 MP: 1/1
  1046 | D:1      | Reached skill level 5 in Maces & Flails
  1076 | D:2      | Acquired Trog's second power
  1097 | D:2      | Reached XP level 3. HP: 31/31 MP: 2/2
  1631 | D:3      | Noticed Robin
  1655 | D:3      | Killed Robin
  1876 | D:3      | Reached XP level 4. HP: 39/39 MP: 3/3
  1886 | D:3      | Reached skill level 6 in Maces & Flails
  2054 | D:3      | Reached skill level 7 in Maces & Flails
  2054 | D:3      | Reached XP level 5. HP: 45/45 MP: 4/4
  2668 | D:4      | Noticed Natasha
  2797 | D:4      | Found a bloodstained altar of Trog.
  2804 | D:4      | Noticed a centaur
  2812 | D:4      | Killed a centaur
  2812 | D:4      | Reached skill level 8 in Maces & Flails
  2812 | D:4      | Reached XP level 6. HP: 51/51 MP: 5/5
  2824 | D:4      | Killed Natasha
  2873 | D:4      | Noticed a phantom
  2900 | D:4      | Killed a phantom
  2900 | D:4      | Reached skill level 9 in Maces & Flails
  3103 | D:4      | Reached XP level 7. HP: 57/57 MP: 6/6
  3104 | D:4      | Noticed Natasha
  3107 | D:4      | Killed Natasha
  3107 | D:4      | Acquired Trog's third power
  3116 | D:4      | Found a basalt altar of Yredelemnul.
  3132 | D:4      | Found a staircase to the Ecumenical Temple.
  3236 | D:4      | Noticed an angel
  3237 | D:4      | Found a glowing silver altar of Zin.
  3329 | D:4      | Noticed Natasha
  3333 | D:4      | Killed Natasha
  3436 | D:5      | Entered Level 5 of the Dungeon
  3564 | D:5      | Reached skill level 10 in Maces & Flails
  4042 | D:5      | Noticed Prince Ribbit
  4065 | D:5      | Killed Prince Ribbit
  4065 | D:5      | Reached skill level 11 in Maces & Flails
  4157 | D:5      | Noticed Menkaure
  4163 | D:5      | Killed Menkaure
  4163 | D:5      | Reached XP level 8. HP: 32/64 MP: 7/7
  4410 | D:5      | Reached skill level 12 in Maces & Flails
  4588 | D:5      | Found a sparkling altar of Nemelex Xobeh.
  4991 | D:5      | Upgraded the game from 0.17-a0-1399-gd5b76e1 to 0.17-a0-1403-g9df874c
  5112 | D:6      | Noticed Duvessa
  5116 | D:6      | Noticed Dowan
  5126 | D:6      | Killed Duvessa
  5146 | D:6      | Reached skill level 13 in Maces & Flails
  5438 | D:6      | Killed Dowan
  6127 | D:6      | Noticed Blork the orc
  6138 | D:6      | Killed Blork the orc
  6386 | D:6      | Reached XP level 9. HP: 48/70 MP: 8/8
  6630 | D:6      | Reached skill level 14 in Maces & Flails
  7604 | D:7      | Noticed ohyou's ghost (experienced HuGl)
  7617 | D:7      | Killed ohyou's ghost
  7617 | D:7      | Reached skill level 5 in Fighting
  7617 | D:7      | Reached skill level 5 in Armour
  7996 | D:7      | Received a gift from Trog
  8653 | D:7      | Reached XP level 10. HP: 86/86 MP: 9/9
  8683 | D:7      | Noticed Pikel
  8721 | D:7      | Killed Pikel
  8743 | D:7      | HP: 3/86 [poisoned by an orc warrior]
  8743 | D:7      | Identified the +8 quarterstaff of Umimyrph {venom, +Blink rC+}
  8743 | D:7      | Mangled by an orc warrior

Vault maps used:
D:1:      scummos_arrival_hexagon
D:2:      first_bread
D:3:      kennysheep_generic_room_6, uniq_robin
D:4:      zin_angel, yredelemnul_forgotten_temple_becter,
          minmay_temple_entry_enclosed_plants, trog_three_pillars_becter,
          uniq_natasha
D:5:      lemuel_doored_altar, goddamned_bats, uniq_menkaure,
          uniq_prince_ribbit1
D:6:      minmay_tree_intersection, kennysheep_generic_room_16, uniq_duvessa,
          uniq_blork_the_orc
D:7:      old_forge, kb_xom_exploding_sheep, grunt_ogre_cave, uniq_pikel

Action                   |  1- 3 |  4- 6 |  7- 9 | 10-12 || total
-------------------------+-------+-------+-------+-------++-------
Melee: Mace              |   100 |    11 |       |       ||   111
       Flail             |       |    83 |   350 |       ||   433
       Morningstar       |       |       |     2 |    30 ||    32
Invok: Berserk           |     1 |     2 |     3 |     1 ||     7
       Burn Spellbooks   |     1 |       |       |       ||     1
       Trog's Hand       |       |     2 |     1 |     1 ||     4
Evoke: Wand              |       |     1 |       |       ||     1
  Use: Scroll            |       |       |     6 |       ||     6
       Potion            |       |       |     1 |     2 ||     3
  Eat: Chunk             |     4 |     4 |     2 |       ||    10
       Bread ration      |       |     1 |     2 |       ||     3
       Beef jerky        |       |       |     2 |       ||     2
       Meat ration       |       |       |     1 |       ||     1
